 Dungeon Crawl Stone Soup version 0.28.0-43-g3370ac3207 (webtiles) character file.

Game seed: 13736255420446802039

3551 Acheron the Chopper (level 9, -7/68 HPs)
             Began as a Demonspawn Abyssal Knight on Feb 28, 2022.
             Was an Elder of Lugonu.
             Killed by nerve-wracking pain
             ... invoked by an orc priest
              (14 damage)
             ... on level 9 of the Dungeon.
             The game lasted 00:38:48 (8995 turns).

Acheron the Chopper (Demonspawn Abyssal Knight)     Turns: 8995, Time: 00:38:49

Health: -7/68      AC: 12    Str: 14    XL:     9   Next: 83%
Magic:  13/13      EV: 17    Int: 18    God:    Lugonu [****..]
Gold:   441        SH:  5    Dex: 21    Spells: 11/14 levels left

rFire   + . .      SeeInvis .   w - +0 war axe
rCold   + + .      Faith    .   (no shield)
rNeg    . . .      Spirit   .   t - +3 leather armour of Eternity {+Inv rC+ Int+4}
rPois   +          Reflect  +   (helmet unavailable)
rElec   +          Harm     .   p - +1 cloak
rCorr   +          Rampage  .   v - +1 pair of gloves
Will    .....                   o - +0 pair of boots
Stlth   +++.......              g - amulet of reflection
HPRegen 0.21/turn               j - ring of poison resistance
MPRegen 0.13/turn               q - +6 ring of dexterity

@: resistant
A: horns 3, repulsion field 2, foul stench 2, spiny 1
a: Renounce Religion, Evoke Invisibility, Depart the Abyss, Bend Space, Banish,
Corrupt


You were on level 9 of the Dungeon.
You worshipped Lugonu.
Lugonu was greatly pleased with you.
You visited 1 branch of the dungeon, and saw 10 of its levels.
You visited the Abyss 1 time.

You collected 441 gold pieces.

Inventory:

Hand Weapons
 c - a +5 vorpal mace
 w - a +0 war axe (weapon)
Missiles
 l - 16 poisoned darts (quivered)
Armour
 b - a +2 robe of positive energy
 o - a +0 pair of boots (worn)
 p - a +1 cloak (worn)
 t - the +3 leather armour of Eternity (worn) {+Inv rC+ Int+4}
   (You found it on level 7 of the Dungeon)

   Int:       It affects your intelligence (+4).
   rC:        It protects you from cold.
   +Inv:      It lets you turn invisible.
 v - a +1 pair of gloves (worn)
 z - a +1 chain mail of fire resistance
 A - +0 steam dragon scales
Jewellery
 d - a ring of wizardry
 g - an amulet of reflection (around neck)
 j - a ring of poison resistance (left hand)
 q - a +6 ring of dexterity (right hand)
Wands
 h - a wand of iceblast (14)
 s - a wand of polymorph (7)
 u - a wand of mindburst (9)
Scrolls
 y - a scroll of fear
Potions
 a - a potion of flight
 e - 3 potions of curing
 f - 2 potions of brilliance
 i - a potion of resistance
 k - 2 potions of mutation
 m - 4 potions of lignification
 n - 3 potions of might


   Skills:
 * Level 5.2 Fighting
 * Level 6.9 Axes
 * Level 2.8 Throwing
 * Level 4.7 Armour
 * Level 3.7 Dodging
 * Level 3.6 Stealth
 * Level 2.7 Shields
 * Level 3.1 Spellcasting
 * Level 2.2 Ice Magic
 * Level 5.5 Invocations
 * Level 3.0 Evocations


You had 11 spell levels left.
You knew the following spells:

 Your Spells              Type           Power      Damage    Failure   Level
a - Ozocubu's Armour      Ice            11%        N/A       24%         3

Your spell library contained the following spells:

 Spells                   Type           Power      Damage    Failure   Level
 Shock                    Conj/Air       8%         1d3       21%         1
 Sublimation of Blood     Necr           2%         N/A       30%         2
 Wereblood                Tmut           2%         N/A       30%         2
 Swiftness                Air            2%         N/A       52%         3
 Airstrike                Air            1%         N/A       89%         4
 Metabolic Englaciation   Hex/Ice        3%         N/A       98%         5
 Simulacrum               Ice/Necr       3%         N/A       100%        6
 Summon Hydra             Summ           1%         N/A       100%        7


Dungeon Overview and Level Annotations

Branches:
Dungeon (10/15)            Temple (0/1) D:4             Orc (0/2) D:9
   Lair: D:8-11

Altars:
Kikubaaqudgha
Beogh

Shops:
D:6 =

Annotations:
D:2 Natasha
D:5 Ijyb
D:6 exclusion: upstairs
D:8 Joseph
D:9 exclusion: downstairs
D:10 Gastronok


Innate Abilities, Weirdness & Mutations

You have a pair of large horns on your head.
You are surrounded by a moderate repulsion field. (EV +3)
You sometimes emit foul miasma when damaged in melee.
You are partially covered in sharp spines.


Message History

The orc wizard flickers and vanishes!
Deactivating autopickup; reactivate with Ctrl-A.
You barely miss the orc. The orc completely misses you.
The orc priest invokes the aid of Beogh against you.
Beogh smites you!
* * * LOW HITPOINT WARNING * * *
You closely miss the orc. You barely miss something.
Your headbutt misses something. You hit the orc. You block the orc's attack.
Something hits you.
* * * LOW HITPOINT WARNING * * *
The orc priest hits you from afar with a +0 trident.
* * * LOW HITPOINT WARNING * * *
The orc hits you but does no damage.
You feel protected.
You hear some strange, mumbled words.
A puff of flame appears from out of thin air!
The puff of flame misses you. The orc priest barely misses you.
The orc is struck by your spines.
You kill the orc!
Lugonu accepts your kill.
You miss something. Your headbutt misses something.
Something hits you but does no damage. You block the orc priest's attack.
You slash something! Something hits you but does no damage.
The orc priest barely misses you. Something hits you but does no damage.
You miss something. Your headbutt misses something.
The orc priest mumbles some strange prayers to Beogh against you.
Something writhes in agony!
Reactivating autopickup.
You feel a bit more experienced. The gnoll barely misses you.
The orc priest is struck by your spines.
The orc priest hits you with a +0 trident.
* * * LOW HITPOINT WARNING * * *
The gnoll completely misses you.
Items here: )) [[.
You slash the orc priest! Your headbutt misses the orc priest.
The orc priest is almost dead.
The orc priest calls down the wrath of Beogh upon you.
Pain shoots through your body!
You die...

##### # ###...... ######
######### ####........##
.....####.......#
#.[..#......g.
...))'.##.......####.####
....g..
....)#..#.......##gZ...#
......
.....##.#......)@og##..#
....⌠
#'#####..>......####
..... .... #.#
###..(....# o..>.. ...
#.# ####...### #...... ..
#.# #####...### 8g..8# .≈
#.# #.........# ##Z### .≈
#.# #.........# #. #.#
#.........# #. #.#
#...^.....# ##


You could see an orc priest, 2 gnolls and a howler monkey zombie.

Vanquished Creatures
  6 yaks (D:9)
  A steam dragon (D:8)
  A water moccasin (D:7)
  10 orc warriors
  A kobold brigand (D:4)
  3 bullfrogs
  A scorpion (D:6)
  2 wyvern zombies
  A water moccasin skeleton (D:4)
  5 wights
  2 howler monkeys (D:9)
  A bullfrog zombie (D:6)
  2 centaur zombies (D:8)
  3 bullfrog skeletons
  A hound (D:6)
  A jelly (D:6)
  6 orc priests
  A centaur skeleton (D:7)
  3 orc wizards
  A killer bee zombie (D:6)
  3 howler monkey zombies
  A gnoll (D:3)
  A howler monkey skeleton (D:6)
  5 adders (D:6)
  3 shadow imps (D:7)
  A white imp (D:6)
  2 ufetubi
  A worm (D:3)
  41 orcs
  7 ball pythons
  5 endoplasms
  2 giant cockroaches
  4 goblins
  5 hobgoblins
  5 jackals
  13 kobolds
  6 quokkas
  5 bats
  2 frilled lizards (D:1)
  4 rats
168 creatures vanquished.

Vanquished Creatures (others)
  An orc wizard (D:9)
  An orc (D:8)
2 creatures vanquished.

Grand Total: 170 creatures vanquished

Notes
Turn   | Place    | Note
-------+----------+-------------------------------------------
     0 | Abyss:1  | Acheron the Demonspawn Abyssal Knight began the quest for
                  | the Orb.
     0 | Abyss:1  | Reached XP level 1. HP: 18/18 MP: 2/2
    42 | Abyss:1  | Noticed a quasit
    60 | Abyss:1  | Noticed a large abomination
    61 | D:1      | Escaped the Abyss
   178 | D:1      | Reached * piety under Lugonu
   231 | D:1      | Reached skill level 2 in Axes
   288 | D:1      | Gained mutation: You are partially covered in sharp spines.
                  | [demonic ancestry]
   288 | D:1      | Reached XP level 2. HP: 19/24 MP: 3/3
   920 | D:2      | Gained mutation: You may rarely emit foul miasma when
                  | damaged in melee. [demonic ancestry]
   920 | D:2      | Reached XP level 3. HP: 29/29 MP: 4/4
  1071 | D:2      | Noticed Natasha
  1194 | D:3      | Reached ** piety under Lugonu
  1285 | D:3      | Reached skill level 1 in Dodging
  1695 | D:5      | Entered Level 5 of the Dungeon
  2007 | D:4      | Noticed a kobold brigand
  2216 | D:3      | Gained mutation: You are surrounded by a mild repulsion
                  | field. (EV +2) [demonic ancestry]
  2216 | D:3      | Reached XP level 4. HP: 28/37 MP: 6/6
  2329 | D:4      | Killed a kobold brigand
  2330 | D:4      | Gained mutation: You sometimes emit foul miasma when
                  | damaged in melee. [demonic ancestry]
  2330 | D:4      | Reached XP level 5. HP: 15/42 MP: 7/7
  2687 | D:4      | Reached skill level 1 in Stealth
  2724 | D:4      | Reached skill level 3 in Axes
  2724 | D:4      | Reached skill level 1 in Spellcasting
  2982 | D:4      | Noticed a black bear
  3105 | D:5      | Noticed Ijyb
  3114 | D:4      | Found a staircase to the Ecumenical Temple.
  3365 | D:6      | Gained mutation: You have a pair of small horns on your
                  | head. [demonic ancestry]
  3365 | D:6      | Reached XP level 6. HP: 32/48 MP: 8/8
  3577 | D:6      | Found Unlau's Jewellery Shoppe.
  4123 | D:7      | Gained mutation: You have a pair of horns on your head.
                  | [demonic ancestry]
  4123 | D:7      | Reached XP level 7. HP: 53/54 MP: 9/9
  4158 | D:7      | Reached skill level 4 in Axes
  4158 | D:7      | Reached skill level 1 in Shields
  4220 | D:6      | Reached *** piety under Lugonu
  4600 | D:7      | Identified the +3 leather armour of Eternity {+Inv rC+
                  | Int+4}
  4721 | D:7      | Reached skill level 1 in Evocations
  4749 | D:7      | Reached skill level 1 in Throwing
  5159 | D:6      | Gained mutation: You have a pair of large horns on your
                  | head. [demonic ancestry]
  5159 | D:6      | Reached XP level 8. HP: 54/60 MP: 11/11
  5264 | D:7      | Learned a level 3 spell: Ozocubu's Armour
  5590 | D:10     | Entered Level 10 of the Dungeon
  6263 | D:8      | Reached skill level 5 in Axes
  6263 | D:8      | Reached skill level 1 in Ice Magic
  6412 | D:8      | Reached **** piety under Lugonu
  6862 | D:8      | Noticed Joseph
  7127 | D:8      | Gained mutation: You are surrounded by a moderate repulsion
                  | field. (EV +3) [demonic ancestry]
  7127 | D:8      | Reached XP level 9. HP: 24/67 MP: 12/12
  7613 | D:9      | Reached skill level 6 in Axes
  7613 | D:9      | Reached skill level 5 in Invocations
  7623 | D:9      | Reached skill level 5 in Fighting
  7913 | D:10     | Noticed Gastronok
  7997 | D:9      | Found an ancient bone altar of Kikubaaqudgha.
  8155 | D:9      | Found a staircase to the Orcish Mines.
  8995 | D:9      | Killed from afar by an orc priest

Illustrated notes

Levels and vault maps discovered:
D:1:      minmay_arrival_stone_box, layout_rooms, minmay_tromino_v2
D:2:      cheibrodos_pilgrimage, layout_loops_ring, uniq_robin, uniq_natasha
D:3:      layout_rooms, minmay_cupped
D:4:      layout_gridville, minmay_temple_entry_overgrown,
          nicolae_elevator_lobby_asterisk
D:5:      layout_basic, uniq_ijyb
D:6:      layout_basic, serial_shops, nicolae_shop_advertising_works
          [nicolae_subvault_shop_adworks]
D:7:      layout_basic, chequers_serial_rivers_room_b,
          minmay_fractal_squares_gapless_5
D:8:      layout_loops_cross, special_room [special_room_orc], uniq_joseph
D:9:      layout_roguey, kiku_gazebo_pond_becter, minmay_orc_entry_temple_small,
          serial_rivers, chequers_serial_rivers_small_a,
          chequers_serial_rivers_large_b, chequers_serial_rivers_large_a,
          chequers_serial_rivers_micro_a
D:10:     layout_roguey, lair_entry_dummy, ebering_ghost_gozag, uniq_gastronok

Skill      XL: |  1  2  3  4  5  6  7  8  9 |
---------------+----------------------------+-----
Axes           | 2 3 4 5 6 |  6.9
Armour         | 2 3 4 |  4.7
Dodging        | 1 2 3 |  3.7
Invocations    | 3 4 5 |  5.5
Stealth        | 1 2 3 |  3.6
Spellcasting   | 1 2 3 |  3.1
Fighting       | 4 5 |  5.2
Shields        | 1 2 |  2.7
Evocations     | 1 2 3 |  3.0
Throwing       | 1 2 |  2.8
Ice Magic      | 1 2 |  2.2

Action                   |  1- 3 |  4- 6 |  7- 9 || total
-------------------------+-------+-------+-------++-------
Melee: Hand axe          |   119 |   111 |    59 ||   289
       Punch             |     1 |       |     3 ||     4
       Headbutt          |       |    10 |    58 ||    68
       War axe           |       |       |   192 ||   192
Throw: Dart              |       |     2 |     2 ||     4
Invok: Depart the Abyss  |     1 |       |       ||     1
       Bend Space        |     1 |     2 |     1 ||     4
Evoke: Wand              |       |       |     3 ||     3
  Use: Scroll            |     4 |     6 |    10 ||    20
       Potion            |       |     2 |     3 ||     5
Armor: Leather armour    |     7 |       |    55 ||    62
       Ring mail         |    32 |    30 |     3 ||    65
Dodge: Dodged            |    86 |    50 |   185 ||   321
Block: Other             |    11 |    25 |    68 ||   104
       Reflection        |     1 |       |     2 ||     3
